 Dungeon Crawl Stone Soup version 0.16.2-12-gd0ad4c3 (webtiles) character file.

51 suicidejoker the Sneak (level 3, 0/27 HPs)
             Began as a Demonspawn Assassin on Sept 22, 2015.
             Slain by a gnoll
             ... wielding a +2 spear of chaos
              (2 damage)
             ... on level 1 of the Dungeon.
             The game lasted 00:04:19 (2063 turns).

suicidejoker the Sneak (Demonspawn Assassin)        Turns: 2063, Time: 00:04:20

Health: 0/27       AC:  4    Str: 11    XL:     3   Next: 57%
Magic:  2/3        EV: 11    Int: 12    God:
Gold:   40         SH:  0    Dex: 15    Spells: 0 memorised, 2 levels left

rFire  . . .     SeeInvis .     a - +2 dagger
rCold  . . .     Clarity  .     c - +0 robe
rNeg   . . .     SustAb   .     (no shield)
rPois  .         Gourm    .     (helmet restricted)
rElec  .         Spirit   .     j - +1 cloak
rCorr  .         Warding  .     (no gloves)
rMut   .         Stasis   .     (no boots)
MR     .....                    (no amulet)
Stlth  +++.......               (no ring)
                                (no ring)

@: drained, not resistant to hostile enchantments, fairly stealthy
A: antennae 1, powered by death 1
a: no special abilities


You were on level 1 of the Dungeon.
You were near starving.

You visited 1 branch of the dungeon, and saw 2 of its levels.

You collected 40 gold pieces.

Inventory:

Hand weapons
 a - a +2 dagger (weapon)
 b - a +0 blowgun
Missiles
 e - 8 poisoned needles
 f - 2 curare-tipped needles
Armour
 c - a +0 robe (worn)
 d - a +0 cloak
 j - a +1 cloak (worn)
Scrolls
 h - a scroll of random uselessness {unknown}
 k - a scroll of recharging {unknown}
 m - a scroll of fear {unknown}
 r - a scroll of identify {unknown}
Potions
 i - 2 potions of brilliance {unknown}
 n - 2 potions of curing {unknown}
 o - a potion of restore abilities {unknown}
 p - a potion of agility {unknown}
 q - a potion of might {unknown}
Comestibles
 g - 2 bread rations
 l - 2 fruits
 s - a beef jerky


   Skills:
 - Level 2.0(1.6) Fighting
 - Level 1.7(1.3) Short Blades
 - Level 1.7(1.3) Throwing
 - Level 0.8(0.4) Dodging
 + Level 5.1(4.6) Stealth


You had 2 spell levels left.
You didn't know any spells.

Dungeon Overview and Level Annotations

Branches:
Dungeon (2/15)

Altars:
Dithmenos


Innate Abilities, Weirdness & Mutations

You have a pair of small antennae on your head.
You can steal the life force of nearby defeated enemies.


Message History

You hit the gnoll.
The gnoll is lightly wounded.
The gnoll hits you with a spear of chaos.
You feel your power leaking away.
You hit the gnoll.
The gnoll is moderately wounded.
The gnoll hits you with a spear of chaos.
The gnoll burns you.
You hit the gnoll but do no damage.
The gnoll is moderately wounded.
You hit the gnoll.
The gnoll is severely wounded.
The gnoll hits you with a spear of chaos.
The gnoll freezes you.
* * * LOW HITPOINT WARNING * * *
You closely miss the gnoll.
The gnoll is severely wounded.
The gnoll hits you with a spear of chaos.
* * * LOW HITPOINT WARNING * * *
You die...

#.####.##..# #.# ..# #.##..#
############.#
######.##..######..........#.#
..................########.#.#
######..............# #.#.##
#####..#######.# #.#..#
#..#######.### #.##.#
########..##.g......## #.##.#
#.......)....)@).....# #.##.#
###.#######.##.###.....###.##.#
....# #.##.# #....>..#.##.#
.##.#######.##.# #............#
...............# #(......#.######
#############..# ##....###......#
#...........#..####.(...).....#.#
#.####.####.#..##.#...#######.#.#
#....#.#....#..#......# #.#.#


You could see a gnoll.

Vanquished Creatures
  A gnoll (D:1)
  A worm (D:2)
  An ooze (D:1)
  8 bats
  A giant cockroach (D:1)
  2 goblins
  6 hobgoblins
  A ball python (D:1)
  3 giant newts
  4 kobolds
  A quokka (D:2)
  4 rats
33 creatures vanquished.

Notes
Turn   | Place    | Note
--------------------------------------------------------------
     0 | D:1      | suicidejoker, the Demonspawn Assassin, began the quest for the Orb.
     0 | D:1      | Reached XP level 1. HP: 16/16 MP: 1/1
   203 | D:1      | Reached skill level 4 in Stealth
   344 | D:1      | Gained mutation: You have a pair of small antennae on your head. [demonic ancestry]
   344 | D:1      | Reached XP level 2. HP: 20/22 MP: 2/2
  1069 | D:2      | Gained mutation: You can steal the life force of nearby defeated enemies. [demonic ancestry]
  1069 | D:2      | Reached XP level 3. HP: 11/27 MP: 3/3
  1277 | D:2      | Found a shadowy altar of Dithmenos.
  1588 | D:1      | Reached skill level 5 in Stealth
  2063 | D:1      | Slain by a gnoll

Action                   || total
-------------------------++-------
Melee: Dagger            ||   118
 Stab: Sleeping          ||     6
  Eat: Chunk             ||     2
